 Dungeon Crawl Stone Soup version 0.31-a0-765-g67fe2935dc (webtiles) character file.

Game seed: 14197304825659673865

49984 Pixllover the Protected (level 14, -8/90 HPs)
             Began as a Gargoyle Berserker on Sept 16, 2023.
             Was a High Priest of Trog.
             Mangled by a fire crab (18 damage)
             ... on level 5 of the Lair of Beasts.
             The game lasted 01:02:04 (17234 turns).

Pixllover the Protected (Gargoyle Berserker)       Turns: 17234, Time: 01:02:04

Health: -8/90      AC: 34    Str: 28    XL:     14   Next: 53%
Magic:  14/14      EV: 11    Int:  9    God:    Trog [*****.]
Gold:   1114       SH:  0    Dex: 15    Spells: 13/13 levels left

rFire   x . .        R - +2 battleaxe (heavy)
rCold   + . .        (shield currently unavailable)
rNeg    + . .        E - +3 chain mail
rPois   ∞            i - +1 helmet
rElec   +            (no cloak)
rCorr   .            f - +2 pair of gloves
SInv    +            n - +0 pair of boots
Will    +....        L - amulet of regeneration Stlth
                     C - ring "Howuc" {Str+5 Slay+4}
HPRegen 1.15/turn    Q - ring of Nayrgh {Ice Dex+4 SInv Stlth-}
MPRegen 0.14/turn

%: no passive effects
@: flying, studying Armour
A: sickness immunity, AC +10, big wings, negative energy resistance 1,
electricity resistance, torment resistance 1, petrification resistance
a: Renounce Religion, Berserk, Trog's Hand, Brothers in Arms


You were on level 5 of the Lair of Beasts.
You worshipped Trog.
Trog was extremely pleased with you.
You visited 2 branches of the dungeon, and saw 19 of its levels.
You visited 1 bazaar.
You also visited: Gauntlet and Volcano.

You collected 1324 gold pieces.
You spent 210 gold pieces at shops.

Inventory:

Hand Weapons
 k - the +7 battleaxe "Death Rattle" {flame, Contam Str+3}
   (You found it on level 4 of the Lair of Beasts)

   Str+3:     It affects your strength (+3).
   Contam:    It causes magical contamination when unequipped.
 D - a +5 flail of protection
 P - a +3 flail of flaming
 R - a +2 heavy battleaxe (weapon)
Missiles
 g - 7 boomerangs
 p - 21 poisoned darts (quivered)
 G - 5 silver javelins
 O - 4 atropa-tipped darts
Armour
 f - a +2 pair of gloves (worn)
 i - a +1 helmet (worn)
 n - a +0 pair of boots (worn)
 E - a +3 chain mail (worn)
Jewellery
 C - the ring "Howuc" (left hand) {Str+5 Slay+4}
   (You found it on level 4 of the Dungeon)

   [ring of slaying]

   Str+5:     It affects your strength (+5).
   Slay+4:    It affects your accuracy & damage with ranged weapons and melee
   (+4).
 H - a ring of willpower
 I - an amulet of faith
 L - an amulet of regeneration (around neck)
 Q - the ring of Nayrgh (right hand) {Ice Dex+4 SInv Stlth-}
   (You found it on level 12 of the Dungeon)

   [ring of ice]

   Ice:       It enhances your ice magic.
   Dex+4:     It affects your dexterity (+4).
   rF-:       It makes you vulnerable to fire.
   rC+:       It protects you from cold.
   SInv:      It lets you see invisible.
   Stlth-:    It makes you less stealthy.
Wands
 t - a wand of flame (36)
 v - a wand of paralysis (33)
 x - a wand of polymorph (1)
 y - a wand of acid (8)
 J - a wand of digging (22)
 K - a wand of roots (15)
Scrolls
 a - a scroll of torment
 c - a scroll of blinking
 e - 2 scrolls of revelation
 j - 6 scrolls of teleportation
 l - 3 scrolls of enchant weapon
 m - 4 scrolls of vulnerability
 q - 3 scrolls of enchant armour
 s - 3 scrolls of poison
 A - 3 scrolls of fear
 F - 5 scrolls of identify
 M - a scroll of immolation
 N - a scroll of fog
 S - a scroll of acquirement
Potions
 b - 3 potions of lignification
 d - 3 potions of might
 h - 6 potions of heal wounds
 o - 3 potions of resistance
 r - 2 potions of mutation
 u - 2 potions of berserk rage
 w - 10 potions of curing
 z - 3 potions of haste
 B - 2 potions of invisibility


   Skills:
 + Level 11.5 Fighting
 + Level 10.1(12.5) Axes
 + Level 12.9(14.5) Maces & Flails
 + Level 1.7 Throwing
 + Level 13.4 Armour
 + Level 5.0 Dodging
 + Level 2.4 Stealth
 + Level 11.3 Shields


You had 13 spell levels left.
You didn't know any spells.
Your spell library was empty.

Dungeon Overview and Level Annotations

Branches:
Dungeon (14/15)            Temple (0/1) D:5            Lair (5/5) D:11
 Shoals (0/4) Lair:2       Spider (0/4) Lair:2        Slime (0/5) Lair:4
    Orc (0/2) D:11        Volcano (visited)         Gauntlet (visited)
 Vaults: D:13-14

Altars:
Cheibriados
Kikubaaqudgha
Nemelex Xobeh
Qazlal
Trog
Yredelemnul
Jiyva

Shops:
D:2 [   D:3 ?[!?=   D:8 ?

Annotations:
D:6 1 transporter
D:7 1 runed translucent door
Lair:4 exclusion: 5 oklob plants


Innate Abilities, Weirdness & Mutations

You are immune to sickness and miasma.
Your stone body is resilient. (AC +10)
You are immune to poison.
Your large and strong wings let you fly.
You resist negative energy. (rN+)
You are resistant to electric shocks. (rElec)
You are resistant to unholy torment.
You are immune to petrification.


Message History

The death yak gores you but does no damage. x2
You hit the death yak.
The death yak is heavily wounded.
The death yak gores you but does no damage.
You slice the death yak!!
The death yak is almost dead.
The death yak barely misses you.
The blink frog blinks!
The death yak closely misses you.
You hit the death yak.
The death yak is almost dead.
The death yak gores you but does no damage.
The death yak gores you!
You slash the death yak!
You kill the death yak!
Trog accepts your kill.
You slice the fire crab!!
The fire crab is moderately wounded.
The fire crab bites you.
You are engulfed in flames!
The fire burns you terribly! The fire crab barely misses you.
The fire crab bites you but does no damage.
The fire crab claws you but does no damage.
You slash the fire crab!
The fire crab is heavily wounded.
The blink frog blinks!
The fire crab closely misses you.
The fire crab claws you but does no damage.
The blink frog blinks!
The fire crab bites you but does no damage.
The fire crab barely misses you.
You slice the fire crab!!
The fire crab is almost dead.
The fire crab closely misses you. The fire crab claws you!
* * * LOW HITPOINT WARNING * * *
You are engulfed in flames!
The fire burns you terribly!
* * * LOW HITPOINT WARNING * * *
Unknown command.
The fire crab attacks as it pursues you!
The fire crab bites you.
* * * LOW HITPOINT WARNING * * *
You are engulfed in flames!!
The fire burns you terribly!
You die...

......#.#.###♣..
Y....#.F.§.
..............♣
Y.Y........
♣..♣♣.......♣♣♣ ..........
♣♣♣♣♣♣♣♣...♣♣ ♣....$....
♣♣.♣♣♣ ♣...F..... ♣†♣♣
♣♣F........ ♣.♣♣
♣♣♣kY........ ♣♣..♣♣
♣♣♣†YYY........
♣♣....♣♣♣♣♣♣@t♣♣Y.........
♣...♣......†♣♣♣♣♣.........
♣..♣.♣♣♣♣...♣♣♣ ♣.........
...♣♣♣..♣ ♣♣♣♣♣ ♣♣........
.. ♣♣..♣ ......... . ♣..♣
.......PY ♣..♣ ...### ♣..♣
..♣


You could see a fire crab, 4 yaks, a blink frog and a rime drake.

Vanquished Creatures
  Kirke (Lair:4)
  A rakshasa (D:12)
  Erolcha (D:10)
  4 two-headed ogres
  3 boulder beetles
  3 centaur warriors
  9 death yaks
  2 tengu warriors (D:14)
  A wizard (D:14)
  A lindwurm (Lair:4)
  A deep elf pyromancer (D:12)
  The ghost of CrazyBamboolord the Changeling, a novice DsSh of Lugonu (D:5)
  4 cyclopes
  An ugly thing (D:11)
  An elephant (Lair:5)
  4 black mambas
  11 cane toads
  2 torpor snails
  2 gargoyles
  4 rime drakes
  An unseen horror (D:12)
  9 komodo dragons
  2 merfolk (Lair:2)
  6 trolls
  2 polar bears
  23 blink frogs
  Prince Ribbit (Lair:3)
  9 dream sheep
  3 slime creatures (D:13)
  A jumping spider (Lair:2)
  A wraith (D:13)
  5 wyverns
  A vampire (D:13)
  39 yaks
  4 hogs (Lair:4)
  3 vampire mosquitoes (D:13)
  2 basilisks
  Edmund (D:5)
  2 acid dragons (D:12)
  2 wargs (D:11)
  10 water moccasins
  2 hell hounds (Lair:1)
  2 orc warriors
  2 ice beasts
  4 wolves (Lair:2)
  3 ogres
  4 sky beasts
  3 centaurs
  A phantom (D:5)
  2 kobold brigands
  7 bullfrogs
  A gnoll sergeant (D:8)
  3 scorpions
  3 wights (D:9)
  5 killer bees (D:7)
  An electric eel (Lair:2)
  5 howler monkeys
  A crimson imp (D:11)
  3 hounds
  8 orc priests
  2 jellies
  A centaur skeleton (D:5)
  5 iguanas
  8 orc wizards
  A killer bee zombie (D:5)
  Robin (D:3)
  6 gnolls
  5 adders
  A shadow imp (D:5)
  A white imp (D:7)
  A worm (D:2)
  10 dart slugs
  34 orcs
  8 bats
  4 endoplasms
  4 giant cockroaches
  14 goblins
  4 hobgoblins
  A quokka (D:2)
  11 ball pythons
  4 frilled lizards
  8 kobolds
  3 rats (D:2)
381 creatures vanquished.

Vanquished Creatures (others)
  A wizard (D:11)
  A cyclops (D:11)
2 creatures vanquished.

Grand Total: 383 creatures vanquished

Notes
Turn   | Place    | Note
-------+----------+-------------------------------------------
     0 | D:1      | Pixllover the Gargoyle Berserker began the quest for the
                  | Orb.
     0 | D:1      | Reached XP level 1. HP: 14/14 MP: 1/1
   253 | D:1      | Reached XP level 2. HP: 6/19 MP: 2/2
   767 | D:2      | Found Egaomm's Armour Boutique.
   829 | D:2      | Reached XP level 3. HP: 24/24 MP: 3/3
  1072 | D:2      | Reached ** piety under Trog
  1753 | D:3      | Found Kosusoul's Magic Scroll Emporium.
  1763 | D:3      | Bought a scroll of teleportation for 36 gold pieces
  1763 | D:3      | Bought a scroll of identify for 24 gold pieces
  1763 | D:3      | Bought a scroll of enchant armour for 90 gold pieces
  1809 | D:3      | Found Teuhofou's Distillery.
  1835 | D:3      | Reached XP level 4. HP: 25/29 MP: 4/4
  1865 | D:3      | Found Xuudghaga's Magic Scroll Boutique.
  1938 | D:3      | Found Maorchoe's Jewellery Emporium.
  2051 | D:3      | Found a basalt altar of Yredelemnul.
  2115 | D:3      | Found Ifimigo's Antique Armour Boutique.
  2295 | D:3      | Noticed Robin
  2312 | D:3      | Killed Robin
  2313 | D:3      | Reached skill level 3 in Armour
  2313 | D:3      | Reached skill level 1 in Shields
  2379 | D:4      | Noticed an ogre
  2405 | D:4      | Noticed Edmund
  2412 | D:4      | Reached XP level 5. HP: 29/33 MP: 5/5
  2497 | D:4      | Killed an ogre
  2571 | D:4      | Reached XP level 6. HP: 22/39 MP: 6/6
  2905 | D:4      | Reached skill level 4 in Armour
  2975 | D:4      | Identified the ring "Howuc" {Str+5 Slay+4}
  3236 | D:5      | Entered Level 5 of the Dungeon
  3244 | D:5      | Found a runed translucent gate.
  3244 | D:5      | Found a runed translucent gate.
  3244 | D:5      | Found a runed translucent gate.
  3258 | D:5      | Reached skill level 5 in Maces & Flails
  3258 | D:5      | Reached XP level 7. HP: 24/44 MP: 7/7
  3336 | D:5      | Noticed CrazyBamboolord's ghost (novice DsSh)
  3428 | D:5      | Killed Edmund
  3530 | D:5      | Reached skill level 5 in Armour
  3625 | D:5      | Found a staircase to the Ecumenical Temple.
  3858 | D:5      | Reached skill level 5 in Fighting
  3896 | D:5      | Reached XP level 8. HP: 49/49 MP: 8/8
  4492 | D:5      | Killed CrazyBamboolord's ghost
  4493 | D:5      | Reached skill level 6 in Armour
  4807 | D:6      | Reached XP level 9. HP: 55/55 MP: 9/9
  4871 | D:6      | Reached *** piety under Trog
  4959 | D:6      | Found a sparkling altar of Nemelex Xobeh.
  4959 | D:6      | Found a transporter.
  4960 | D:6      | Noticed a troll
  5113 | D:6      | Reached skill level 5 in Shields
  5655 | D:7      | Reached skill level 7 in Armour
  5655 | D:7      | Reached skill level 1 in Stealth
  5828 | D:7      | Noticed a troll
  5840 | D:7      | Killed a troll
  5880 | D:7      | Identified the +0 ring mail of a wizard's laboratory {rElec
                  | Regen+ Str-4}
  5967 | D:7      | Found a runed translucent door.
  5968 | D:7      | Noticed a sixfirhy
  6575 | D:8      | Found Fovam's Magic Scroll Emporium.
  6580 | D:8      | Bought a scroll of identify for 30 gold pieces
  6580 | D:8      | Bought a scroll of identify for 30 gold pieces
  6653 | D:8      | Reached XP level 10. HP: 61/61 MP: 10/10
  6659 | D:8      | Noticed a two-headed ogre
  6681 | D:7      | Reached skill level 8 in Armour
  6978 | D:8      | Killed a two-headed ogre
  7134 | D:8      | Found an ancient bone altar of Kikubaaqudgha.
  7296 | D:8      | Found a stormy altar of Qazlal.
  8027 | D:10     | Entered Level 10 of the Dungeon
  8256 | D:9      | Reached skill level 10 in Maces & Flails
  8409 | D:10     | Noticed Erolcha
  8416 | D:10     | Killed Erolcha
  8417 | D:10     | Reached skill level 9 in Armour
  8417 | D:10     | Reached XP level 11. HP: 67/67 MP: 11/11
  8569 | D:10     | Found a snail-covered altar of Cheibriados.
  8659 | D:9      | Reached **** piety under Trog
  9283 | D:11     | Found a staircase to the Lair.
  9369 | D:11     | Noticed a two-headed ogre
  9383 | D:11     | Killed a two-headed ogre
  9502 | D:11     | Found a staircase to the Orcish Mines.
  9550 | D:11     | Noticed a cyclops
  9553 | D:11     | Noticed a cyclops
  9557 | D:11     | Killed a cyclops
  9559 | D:11     | Killed a cyclops
  9594 | D:11     | Noticed a purple ugly thing
  9605 | D:11     | Killed a purple ugly thing
  9608 | D:11     | Found a gate leading to a gauntlet.
  9715 | Gauntlet | Entered a Gauntlet
  9715 | Gauntlet | Found a transporter.
  9742 | Gauntlet | Noticed a worldbinder
  9750 | Gauntlet | Found a transporter.
  9768 | Gauntlet | Found a transporter.
  9770 | Gauntlet | Noticed a hell beast
  9770 | Gauntlet | Noticed a green ugly thing
  9773 | Gauntlet | Noticed a glowing orange brain
  9775 | Gauntlet | Noticed a brown ugly thing
  9776 | Gauntlet | Found a transporter.
  9792 | Gauntlet | Noticed a glowing orange brain
  9798 | Gauntlet | Found a transporter.
  9814 | Gauntlet | Found a transporter.
  9823 | Gauntlet | Found a transporter.
  9832 | Gauntlet | Found a transporter.
  9834 | Gauntlet | Found a transporter.
  9854 | Gauntlet | Found a transporter.
  9854 | Gauntlet | Noticed an obsidian statue
  9866 | Gauntlet | Found a transporter.
  9870 | Gauntlet | Noticed a balrug
  9872 | Gauntlet | Found a transporter.
  9872 | Gauntlet | Found a transporter.
  9874 | Gauntlet | Found a transporter.
  9888 | Gauntlet | Noticed a green death
  9892 | Gauntlet | Found a transporter.
  9910 | Gauntlet | Found a transporter.
  9932 | Gauntlet | Found a transporter.
  9932 | Gauntlet | Noticed a catoblepas
 10058 | D:11     | Found a flickering gateway to a bazaar.
 10070 | Bazaar   | Entered a bazaar
 10078 | Bazaar   | Found Buiffism's Book Shop.
 10078 | Bazaar   | Found Rutowid's Jewellery Shop.
 10445 | D:11     | Noticed a wizard
 10453 | D:11     | Killed a wizard
 10666 | D:12     | Noticed a two-headed ogre
 10672 | D:12     | Killed a two-headed ogre
 10679 | D:12     | Noticed a deep elf pyromancer
 10690 | D:12     | Killed a deep elf pyromancer
 10705 | D:12     | Identified the ring of Nayrgh {Ice Dex+4 SInv Stlth-}
 10832 | D:12     | Noticed a rakshasa
 10852 | D:12     | Killed a rakshasa
 10853 | D:12     | Reached skill level 1 in Throwing
 10958 | D:12     | Noticed a cyclops
 10969 | D:12     | Killed a cyclops
 10970 | D:12     | Reached XP level 12. HP: 75/75 MP: 12/12
 11175 | D:12     | Noticed a boulder beetle
 11197 | D:12     | Killed a boulder beetle
 11198 | D:12     | Reached skill level 10 in Armour
 11356 | D:12     | Identified a scroll of acquirement
 11360 | D:12     | Acquired a manual of Armour
 11455 | D:13     | Noticed a centaur warrior
 11457 | D:13     | Noticed a centaur warrior
 11458 | D:13     | Noticed a two-headed ogre
 11463 | D:13     | Noticed a centaur warrior
 11472 | D:12     | Killed a two-headed ogre
 11473 | D:12     | Reached skill level 10 in Shields
 11589 | D:12     | Killed a centaur warrior
 11839 | D:12     | Killed a centaur warrior
 12593 | D:13     | Noticed a boulder beetle
 12644 | D:13     | Killed a boulder beetle
 12679 | D:13     | Found a bloodstained altar of Trog.
 12730 | D:13     | Killed a centaur warrior
 12731 | D:13     | Reached skill level 11 in Armour
 13082 | D:14     | Noticed a tengu warrior
 13083 | D:14     | Noticed a tengu warrior
 13092 | D:14     | Killed a tengu warrior
 13098 | D:14     | Killed a tengu warrior
 13189 | Lair:1   | Entered Level 1 of the Lair of Beasts
 13476 | Lair:1   | Reached skill level 1 in Axes
 13476 | Lair:1   | Reached XP level 13. HP: 81/81 MP: 13/13
 13550 | Lair:1   | Found a dark tunnel.
 13676 | Volcano  | Entered a volcano
 14208 | Lair:2   | Reached skill level 10 in Fighting
 14227 | Lair:2   | Found a hole to the Spider Nest.
 14360 | Lair:2   | Found a stormy altar of Qazlal.
 14500 | Lair:2   | Found a staircase to the Shoals.
 15094 | Lair:3   | Reached skill level 5 in Axes
 15124 | Lair:3   | Reached skill level 12 in Armour
 15132 | Lair:3   | Noticed Prince Ribbit
 15138 | Lair:3   | Killed Prince Ribbit
 15274 | Lair:3   | Reached ***** piety under Trog
 16106 | Lair:4   | Noticed Kirke
 16144 | Lair:4   | Killed Kirke
 16234 | Lair:4   | Gained mutation: Your large and strong wings let you fly.
                  | [Gargoyle growth]
 16234 | Lair:4   | Reached XP level 14. HP: 55/88 MP: 14/14
 16324 | Lair:4   | Found a viscous altar of Jiyva.
 16325 | Lair:4   | Found a staircase to the Slime Pits.
 16441 | Lair:4   | Identified the +7 battleaxe "Death Rattle" {flame, Contam
                  | Str+3}
 16947 | Lair:5   | Entered Level 5 of the Lair of Beasts
 16952 | Lair:5   | Reached skill level 13 in Armour
 17001 | Lair:5   | Reached skill level 5 in Dodging
 17163 | Lair:5   | Received a gift from Trog
 17220 | Lair:5   | Reached skill level 10 in Axes
 17234 | Lair:5   | Mangled by a fire crab

Illustrated notes

Levels and vault maps discovered:
D:1:      lemuel_arrival_hallway, layout_loops_ring
D:2:      layout_basic, serial_shops, nicolae_shop_peninsula
D:3:      kennysheep_slugbush, layout_rooms, lemuel_doored_altar, serial_shops,
          shop, nicolae_shop_tiny_glass, shop_coins, nicolae_shop_crystal,
          nicolae_shop_gaudy_bauble, minmay_misc_feat_ornament, uniq_robin
D:4:      layout_cave_pools, dk_noncrumbling_3, roderic_batcave,
          corner_web_ring, uniq_edmund
D:5:      layout_basic, minmay_temple_entry_glass, nicolae_ossuary_entry_plus,
          gammafunk_ghost_necromancy
D:6:      layout_cave_pods, grunt_nemelex_the_gamble, hangedman_decor_growths,
          minmay_misc_feat_nine_boxes
D:7:      cheibrodos_shockbox, layout_gridville, minivault_10
D:8:      layout_rooms, mainiacjoe_overflow_brackets,
          mainiacjoe_overflow_surrounded_room, serial_shops, shop,
          nicolae_eternal_life
D:9:      layout_gridville
D:10:     layout_basic, lemuel_tele_altar, amcnicky_mini_pool_small,
          hangedman_decor_lopped, uniq_erolcha
D:11:     layout_loops_cross, erik_lair_orcish_takeover, orc_0_dummy,
          serial_shops, bzr_firewalk, gauntlet_entry_generic,
          lightli_wizard_tower
D:12:     layout_loops_cross
D:13:     layout_rooms, trog_three_pillars_becter
D:14:     layout_roguey, erik_vaults_1, nicolae_diode_basic
Lair:1:   dreamdust_cave_troll, layout_chaotic_city, enter_volcano_3,
          infiniplex_staircase_pool_2
Lair:2:   layout_chaotic_city, elwin_shoals_entry_rooms, spider_nest_entry_a,
          basic_altar
Lair:3:   layout_regular_city, uniq_prince_ribbit2
Lair:4:   layout_hall_layers, minmay_slime_entry_oklob_open,
          amcnicky_mini_pool_medium, grunt_megastairs_3, uniq_kirke
Lair:5:   evil_forest, layout_hall_layers, serial_forest,
          infiniplex_forest_clump_double, infiniplex_forest_straight_1,
          infiniplex_forest_lined_room_, infiniplex_forest_join,
          infiniplex_forest_clump_medium, infiniplex_forest_clump_large,
          infiniplex_forest_lined_3

Skill      XL: |  1  2  3  4  5  6  7  8  9 10 11 12 13 14 |
---------------+-------------------------------------------+-----
Fighting       | 4 5 6 7 8 9 10 11 | 11.5
Armour         | 3 4 5 6 7 9 11 12 13 | 13.4
Shields        | 1 2 3 4 6 8 9 11 | 11.3
Maces & Flails | 4 5 7 8 10 11 12 | 12.9
Dodging        | 2 3 4 5 |  5.0
Stealth        | 1 2 |  2.4
Throwing       | 1 |  1.7
Axes           | 1 8 10 | 10.1

Action                     |  1- 3 |  4- 6 |  7- 9 | 10-12 | 13-15 || total
---------------------------+-------+-------+-------+-------+-------++-------
  Melee: Mace              |   110 |   155 |    55 |       |       ||   320
         Punch             |     1 |       |       |       |       ||     1
         Flail             |       |       |   206 |   476 |       ||   682
         Battleaxe         |       |       |       |    31 |   312 ||   343
  Throw: Dart              |       |     1 |     3 |     3 |       ||     7
 Invoke: Berserk           |     1 |     4 |     5 |     7 |     2 ||    19
         Trog's Hand       |       |     1 |     2 |       |     1 ||     4
  Evoke: Wand              |       |     2 |       |       |       ||     2
    Use: Scroll            |     2 |     1 |     8 |    15 |     7 ||    33
 Armour: Animal skin       |    11 |       |       |       |       ||    11
         Ring mail         |    32 |       |       |       |       ||    32
         Chain mail        |    34 |     1 |   239 |   506 |   563 ||  1343
         Plate armour      |       |   179 |    40 |       |       ||   219
  Dodge: Dodged            |    50 |    37 |   115 |   221 |   328 ||   751
  Block: Kite shield       |    29 |    71 |   141 |   287 |       ||   528

Table legend: (Time is in decaauts)
 A = Elapsed time spent in this place.
 B = Non-inter-level travel time spent in this place.
 C = Inter-level travel time spent in this place.
 D = Time resting spent in this place.
 E = Time spent auto-exploring this place.
 F = Levels seen in this place.
 G = Mean time per level.
                   A        B        C        D        E       F      G
               +--------+--------+--------+--------+--------+-----+--------+
         Total |  17836 |  17393 |    443 |    825 |   8388 |  22 |  810.7 |
       Dungeon |  13086 |  12735 |    351 |    660 |   6385 |  14 |  934.7 |
          Lair |   4372 |   4280 |     92 |    165 |   2002 |   5 |  874.4 |
        Bazaar |     87 |     87 |      0 |      0 |      0 |   1 |   87.0 |
       Volcano |      9 |      9 |      0 |      0 |      0 |   1 |    9.0 |
      Gauntlet |    279 |    279 |      0 |      0 |      0 |   1 |  279.0 |
               +--------+--------+--------+--------+--------+-----+--------+

Top non-repeatable levels by time:
    D:12: 1666 daAuts
     D:5: 1405 daAuts
     D:7: 1277 daAuts
  Lair:4: 1081 daAuts
    D:11: 1072 daAuts
  Lair:3: 1062 daAuts
     D:6: 1014 daAuts
  Lair:2: 955 daAuts
     D:2: 940 daAuts
  Lair:1: 927 daAuts
    D:10: 896 daAuts
     D:3: 868 daAuts
     D:4: 833 daAuts
     D:9: 813 daAuts
     D:8: 743 daAuts
